 Dungeon Crawl Stone Soup version 0.27-a0-1359-ga2a4dfd6fd (webtiles) character file.

Game seed: 8526991267087029570

380 freelancePsychic the Magician (level 7, 0/51 HPs)
             Began as a Djinni Arcane Marksman on June 29, 2021.
             Slain by a black bear (1 damage)
             ... on level 5 of the Dungeon.
             The game lasted 00:05:56 (4675 turns).

freelancePsychic the Magician (DjAM)                Turns: 4675, Time: 00:05:56

Health: 0/51       AC:  4    Str:  9    XL:     7   Next: 4%
Gold:   126        EV: 11    Int: 22    God:
                   SH:  4    Dex: 14

rFire    + + .     SeeInvis .   p - +4 whip
rCold    x . .     Faith    +   w - +0 buckler
rNeg     . . .     Spirit   .   d - +0 robe
rPois    ∞         Reflect  .   o - +1 hat
rElec    .         Harm     .   (no cloak)
rCorr    .         Rampage  .   r - +0 pair of gloves
Will     .....                  (boots unavailable)
Stlth    +.........             a - amulet of faith
HPRegen  0.17/turn              q - +6 ring of intelligence
MPRegen  0.00/turn              (no ring)

@: flying, very slightly contaminated, studying Maces & Flails
A: sickness immunity, fire resistance 2, cold vulnerability 1, float, innate
caster, hp casting, extra vitality 1
a: no special abilities


You were on level 5 of the Dungeon.
You visited 1 branch of the dungeon, and saw 5 of its levels.

You collected 126 gold pieces.

Inventory:

Hand Weapons
 p - a +4 whip (weapon)
Missiles
 c - 52 sling bullets
 e - 168 stones
Armour
 d - a +0 robe (worn)
 o - a +1 hat (worn)
 r - a +0 pair of gloves (worn)
 w - a +0 buckler (worn)
Jewellery
 a - an amulet of faith (around neck)
 q - a +6 ring of intelligence (left hand)
Wands
 h - a wand of flame (16)
 s - a wand of charming (8)
Scrolls
 i - a scroll of silence {unknown}
 j - a scroll of enchant weapon {unknown}
 k - a scroll of magic mapping {unknown}
 m - a scroll of immolation {unknown}
 n - 2 scrolls of noise {unknown}
 t - a scroll of enchant armour {unknown}
 v - a scroll of brand weapon {unknown}
Potions
 b - 2 potions of cancellation {unknown}
 f - 3 potions of heal wounds {unknown}
 g - a potion of haste {unknown}
 l - a potion of might {unknown}
 u - a potion of lignification {unknown}


   Skills:
 - Level 3.7 Fighting
 - Level 1.5 Slings
 - Level 2.1 Dodging
 * Level 0.8 Shields
 + Level 4.8 Spellcasting


You couldn't memorise any spells.
You knew the following spells:

 Your Spells              Type           Power      Damage    Failure   Level
a - Freeze                Ice            100%       1d11      2%          1
b - Slow                  Hex            26%        N/A       3%          2
c - Tukima's Dance        Hex            26%        N/A       6%          3
d - Portal Projectile     Hex/Tloc       52%        N/A       6%          3
e - Inner Flame           Hex/Fire       26%        N/A       6%          3
f - Leda's Liquefaction   Hex/Erth       13%        N/A       22%         4
g - Passwall              Tmut/Erth      21%        N/A       3%          2
h - Cause Fear            Hex            13%        N/A       22%         4
i - Corona                Hex            28%        N/A       2%          1
Your spell library was empty.

Dungeon Overview and Level Annotations

Branches:
Dungeon (5/15)
 Temple: D:4-7

Altars:
Qazlal
Xom


Innate Abilities, Weirdness & Mutations

You are immune to sickness and miasma.
You are immune to poison.
Your flesh is very heat resistant. (rF++)
You are vulnerable to cold. (rC-)
You float through the air rather than walking.
You learn spells naturally, not from books.
Your magical power is your life essence.
You have superior vitality. (+4 HP)


Message History

Nothing appears to happen.
The black bear barely misses you. The black bear claws you.
The black bear claws you but does no damage.
The black bear misses you. The black bear claws you.
The black bear closely misses you.
You are too injured to fight recklessly!
Casting: Freeze (safe; 2% risk of failure)
Confirm with . or Enter, or press ? or * to list all spells.
Aiming: Freeze (safe; 2% risk of failure)
Press: ? - help, Shift-Dir - straight line, f/p - black bear
Aim: a black bear (severely wounded, berserk)
You freeze the black bear.
The black bear is severely wounded.
The black bear bites you! The black bear barely misses you.
The black bear claws you.
* * * LOW HITPOINT WARNING * * *
Casting: Freeze (safe; 2% risk of failure)
Confirm with . or Enter, or press ? or * to list all spells.
Aiming: Freeze (safe; 2% risk of failure)
Press: ? - help, Shift-Dir - straight line, f/p - black bear
Aim: a black bear (severely wounded, berserk)
You freeze the black bear.
The black bear is almost dead.
* * * LOW HITPOINT WARNING * * *
The black bear bites you!
* * * LOW HITPOINT WARNING * * *
The black bear closely misses you. You block the black bear's attack.
The black bear bites you.
* * * LOW HITPOINT WARNING * * *
The black bear misses you. The black bear closely misses you.
Casting: Freeze (safe; 2% risk of failure)
Confirm with . or Enter, or press ? or * to list all spells.
Aiming: Freeze (safe; 2% risk of failure)
Press: ? - help, Shift-Dir - straight line, f/p - black bear
Aim: a black bear (almost dead, berserk)
You freeze the black bear.
The black bear is almost dead.
* * * LOW HITPOINT WARNING * * *
The black bear closely misses you. The black bear claws you.
You die...

#......(..#....<..#
#.....)...#.......#
#.........#..._...#
#.......).#.......#
#.........#.....†.#
#.........#.......#
#.........#.......#
#.........#.......#
#.........@.......#
###########h.[....#
##.###### ..# .# ##
##


You could see a black bear (berserk).

Vanquished Creatures
  A sky beast (D:5)
  A scorpion (D:3)
  A hound (D:4)
  A jelly (D:5)
  An iguana (D:4)
  8 adders
  2 adder skeletons (D:4)
  A worm (D:2)
  3 dart slugs
  4 bats
  4 endoplasms
  5 giant cockroaches
  4 goblins
  6 hobgoblins
  10 jackals
  A quokka (D:5)
  6 ball pythons
  8 frilled lizards
  A jackal skeleton (D:4)
  3 kobolds
  3 rats
74 creatures vanquished.

Vanquished Creatures (others)
  3 fungi (D:2)
3 creatures vanquished.

Grand Total: 77 creatures vanquished

Notes
Turn   | Place    | Note
-------+----------+-------------------------------------------
     0 | D:1      | freelancePsychic the Djinni Arcane Marksman began the quest
                  | for the Orb.
     0 | D:1      | Reached XP level 1. HP: 17/17 MP: 0/0
   151 | D:1      | Reached XP level 2. HP: 22/22 MP: 0/0
   907 | D:1      | Found a faded altar of an unknown god.
  1270 | D:2      | Reached XP level 3. HP: 27/27 MP: 0/0
  1270 | D:2      | Learned a level 1 spell: Freeze
  1273 | D:2      | Reached skill level 3 in Spellcasting
  1527 | D:2      | Found a shimmering altar of Xom.
  2182 | D:2      | Reached XP level 4. HP: 28/33 MP: 0/0
  2478 | D:3      | Noticed a scorpion
  2485 | D:3      | Killed a scorpion
  2486 | D:3      | Reached XP level 5. HP: 30/39 MP: 0/0
  2486 | D:3      | Learned a level 2 spell: Passwall
  3310 | D:4      | Reached skill level 4 in Spellcasting
  3322 | D:4      | Reached XP level 6. HP: 23/46 MP: 0/0
  4454 | D:5      | Entered Level 5 of the Dungeon
  4454 | D:5      | Found a stormy altar of Qazlal.
  4454 | D:5      | Noticed a sky beast
  4461 | D:5      | Killed a sky beast
  4616 | D:5      | Reached XP level 7. HP: 49/51 MP: 0/0
  4616 | D:5      | Learned a level 3 spell: Tukima's Dance
  4674 | D:5      | HP: 2/51 [black bear (5)]
  4675 | D:5      | Slain by a black bear

Illustrated notes

Levels and vault maps discovered:
D:1:      shiori_arrival_elements, layout_basic,
          dilly_ecumenical_altar_fadedgnrine, serial_bayou,
          serial_bayou_lagoon_a, serial_bayou_shore_a, serial_bayou_crossing,
          serial_bayou_pond_c, minivault_14, st_stairs_10
D:2:      minmay_door_path, layout_basic, basic_altar, uniq_crazy_yiuf_cottage
D:3:      layout_rooms, grunt_ministairs_3, minivault_19
D:4:      layout_cave_pools, minmay_manual_maat
D:5:      layout_rooms, grunt_dithmenos_smoke, overflow_temple_1_default,
          nicolae_ashenzari_skybound, minmay_temple_entry_nine_rooms,
          dk_noncrumbling_4, saegor_snake_ambush

Skill      XL: |  1  2  3  4  5 |
---------------+----------------+-----
Spellcasting   | 3 4 |  4.8
Fighting       | 2 3 |  3.7
Slings         | |  1.5
Dodging        | |  2.1
Shields        | |  0.8

Action                   |  1- 3 |  4- 6 |  7- 9 || total
-------------------------+-------+-------+-------++-------
Melee: Whip              |       |    78 |       ||    78
 Fire: Hunting sling     |   109 |    48 |       ||   157
 Cast: Freeze            |    14 |    17 |     9 ||    40
       Corona            |     2 |       |       ||     2
       Inner Flame       |       |     4 |       ||     4
  Use: Scroll            |     1 |       |       ||     1
Armor: Robe              |     9 |    25 |     4 ||    38
Dodge: Dodged            |    46 |    73 |    11 ||   130
Block: Buckler           |       |       |     2 ||     2

Table legend: (Time is in decaauts)
 A = Elapsed time spent in this place.
 B = Non-inter-level travel time spent in this place.
 C = Inter-level travel time spent in this place.
 D = Time resting spent in this place.
 E = Time spent auto-exploring this place.
 F = Levels seen in this place.
 G = Mean time per level.
                   A        B        C        D        E       F      G
               +--------+--------+--------+--------+--------+-----+--------+
         Total |   4699 |   4528 |    171 |    250 |   3707 |   5 |  939.8 |
       Dungeon |   4699 |   4528 |    171 |    250 |   3707 |   5 |  939.8 |
               +--------+--------+--------+--------+--------+-----+--------+

Top non-repeatable levels by time:
     D:4: 1271 daAuts
     D:2: 1245 daAuts
     D:1: 1214 daAuts
     D:3: 746 daAuts
     D:5: 220 daAuts
